 Dungeon Crawl Stone Soup version 0.30.0-29-ga12c61a403 (webtiles) character file.

Game seed: 1660406852025516460

38 cheesebisquit the Grave Robber (level 3, -2/31 HPs)
             Began as a Ghoul Necromancer on June 7, 2023.
             Killed by divine providence
             ... invoked by an orc priest
              (9 damage)
             ... on level 2 of the Dungeon.
             The game lasted 00:06:38 (1791 turns).

cheesebisquit the Grave Robber (Ghoul Necromancer)  Turns: 1791, Time: 00:06:38

Health: -2/31      AC:  2    Str: 11    XL:     3   Next: 43%
Magic:  2/4        EV: 12    Int: 12    God:
Gold:   37         SH:  0    Dex:  9    Spells: 4/5 levels left

rFire   . . .        m - +0 mace
rCold   + . .        (no shield)
rNeg    + + +        a - +0 robe
rPois   ∞            (no helmet)
rElec   .            (no cloak)
rCorr   .            (no gloves)
SInv    .            (no boots)
Will    .....        (no amulet)
Stlth   ++           (no ring)
HPRegen 0.00/turn    (no ring)
MPRegen 0.09/turn

%: no passive effects
@: about to teleport, inhibited regen
A: claws 1, cold resistance 1, negative energy resistance 3, inhibited
regeneration, torment resistance 2, devour on kill
a: no special abilities


You were on level 2 of the Dungeon.
You visited 1 branch of the dungeon, and saw 2 of its levels.

You collected 81 gold pieces.
You spent 44 gold pieces at shops.

Inventory:

Hand Weapons
 m - a +0 mace (weapon)
Missiles
 c - 19 stones
Armour
 a - a +0 robe (worn)
Jewellery
 f - an amulet of guardian spirit
Scrolls
 e - a scroll of immolation
 g - a scroll of noise {unknown}
 h - a scroll of vulnerability {unknown}
 j - 2 scrolls of poison {unknown}
Potions
 b - a potion of magic
 i - a potion of resistance
 k - a potion of lignification
 l - a potion of degeneration


   Skills:
 + Level 3.3 Fighting
 - Level 1.7 Dodging
 - Level 2.1 Stealth
 - Level 1.7 Spellcasting
 - Level 4.0 Necromancy


You had 4 spell levels left.
You knew the following spells:

 Your Spells              Type           Power      Damage    Failure   Level
a - Necrotise             Necr           40%        1d6       5%          1

Your spell library contained the following spells:

 Spells                   Type           Power      Damage    Failure   Level
 Vampiric Draining        Necr           10%        2d6       16%         3
 Animate Dead             Necr           10%        N/A       47%         4
 Agony                    Necr           10%        N/A       83%         5


Dungeon Overview and Level Annotations

Branches:
Dungeon (2/15)

Altars:

Shops:
D:1 ?   D:2 (


Innate Abilities, Weirdness & Mutations

You are immune to poison.
You have sharp fingernails.
Your flesh is cold resistant. (rC+)
You are immune to negative energy. (rN+++)
You do not regenerate when monsters are visible.
You are immune to unholy pain and torment.
You thrive by killing the living.


Message History

You kill the rat!
The dead are walking!
You can't see any susceptible monsters within range! (Use Z to cast anyway.)
You swap places.
An endoplasm comes into view.
The endoplasm quivers.
The endoplasm writhes in agony.
The endoplasm writhes in agony.
The endoplasm hits you.
Your rat skeleton bites the endoplasm.
The endoplasm writhes in agony.
You kill the endoplasm!
Your rat skeleton crumbles into dust!
Found a stone staircase leading down.
There is a stone staircase leading down here.
An orc priest comes into view. It is wielding a +2 heavy hand axe.
The orc priest shouts!
You hear a shout!
The orc priest invokes the aid of Beogh against you.
Beogh smites you!
The orc priest resists with significant effort.
The orc wizard shouts!
You miscast Necrotise.
You are very lightly contaminated with residual magic.
Nothing appears to happen.
The orc shouts!
The orc priest resists with significant effort.
The orc priest drinks a potion.
The orc priest seems to speed up.
The orc wizard mumbles some strange words.
The orc wizard flickers and vanishes!
Deactivating autopickup; reactivate with Ctrl-A.
The orc priest invokes the aid of Beogh against you.
Beogh smites you!
* * * LOW HITPOINT WARNING * * *
Okay, then.
Your magical contamination has completely faded away.
The orc priest looks satisfied for a moment.
As you read the scroll of teleportation, it crumbles to dust.
You feel strangely unstable.
The orc priest mumbles some strange prayers to Beogh against you.
Beogh smites you!
You die...

###...##...# #. ##.......#######
#.# #†###.........# #.#
#.####.######.# #.# ##......# #.#
###.####### ##...##### #.#
#........<. ##.....## ###.#
#.....##### #.......## ##.#.#
#.>.....# #
.........####...@######...o...###
.........+........ooo............
.........####.#..########.#...###
........## #.###.# ........o..
.#.....## ##.#.## #.#####...##
.##...## ##..# # #.....# .###'##
##.# #......# .# #.# #.# #......#
.# #.# #># #.#...##


You could see an orc priest (fast) and 2 orcs.

Vanquished Creatures
  5 ball pythons
  4 bats
  5 endoplasms
  3 giant cockroaches
  3 goblins
  3 hobgoblins
  3 frilled lizards (D:2)
  3 kobolds
  3 rats
32 creatures vanquished.

Vanquished Creatures (collateral kills)
  A kobold (D:1)
  A rat (D:2)
2 creatures vanquished.

Grand Total: 34 creatures vanquished

Notes
Turn   | Place    | Note
-------+----------+-------------------------------------------
     0 | D:1      | cheesebisquit the Ghoul Necromancer began the quest for the
                  | Orb.
     0 | D:1      | Reached XP level 1. HP: 14/14 MP: 2/2
    14 | D:1      | Found Xueseimm's Magic Scroll Shoppe.
    65 | D:1      | Found a faded altar of an unknown god.
   118 | D:1      | Reached skill level 1 in Fighting
   206 | D:1      | Reached XP level 2. HP: 24/24 MP: 0/3
   656 | D:1      | Bought 2 scrolls of identify for 44 gold pieces
  1238 | D:2      | Found Ypimpoc's Antique Weapon Shoppe.
  1265 | D:2      | Reached XP level 3. HP: 30/30 MP: 0/4
  1791 | D:2      | Killed from afar by an orc priest

Illustrated notes

Levels and vault maps discovered:
D:1:      minmay_arrival_jagged, layout_rooms,
          dreamdust_ecumenical_altar_statues, serial_shops,
          nicolae_shop_pleasant_corner_grove
D:2:      layout_loops_corners, serial_shops, shop

Skill      XL: |  1  2  3 |
---------------+----------+-----
Fighting       | 1 2 3 |  3.3
Dodging        | |  1.7
Stealth        | |  2.1
Spellcasting   | |  1.7
Necromancy     | |  4.0

Action                     || total
---------------------------++-------
  Melee: Unarmed           ||    11
         Mace              ||    11
         Dagger            ||     6
   Cast: Necrotise         ||    54
    Use: Scroll            ||     6
   Stab: Sleeping          ||     2
 Armour: Robe              ||     9
  Dodge: Dodged            ||    23
